 Dungeon Crawl Stone Soup version 0.30-a0-371-gad7725a93e (webtiles) character file.

Game seed: 16830074075213303705

74 Haldmier the Covered (level 4, -1/40 HPs)
             Began as an Armataur Fighter on Nov 22, 2022.
             Slain by an orc
             ... wielding a +2 whip of electrocution
              (3 damage)
             ... on level 3 of the Dungeon.
             The game lasted 00:08:18 (1566 turns).

Haldmier the Covered (Armataur Fighter)             Turns: 1566, Time: 00:08:19

Health: -1/40      AC: 12    Str: 23    XL:     4   Next: 9%
Magic:  4/4        EV:  6    Int:  9    God:
Gold:   102        SH:  0    Dex:  9    Spells: 3/3 levels left

rFire   . . .      SeeInvis .    s - +2 mace (vorpal)
rCold   . . .      Faith    .    g - +0 kite shield
rNeg    + . .      Spirit   .    e - +0 pearl dragon scales
rPois   .          Reflect  .    (no helmet)
rElec   .          Harm     .    (no cloak)
rCorr   .          Roll     +    t - +1 pair of gloves
Will    .....                    (no barding)
Stlth   ..........               (no amulet)
HPRegen 0.26/turn                (no ring)
MPRegen 0.09/turn                (no ring)

@: confused, mighty
A: large, rugged brown scales 3, deformed body, armoured tail, roll, long
tongue, awkward tongue
a: no special abilities


You were on level 3 of the Dungeon.
You visited 1 branch of the dungeon, and saw 3 of its levels.

You collected 102 gold pieces.

Inventory:

Hand Weapons
 a - a +0 flail
 s - a +2 vorpal mace (weapon)
Missiles
 f - 22 stones (quivered)
Armour
 b - a +0 scale mail
 c - a +0 buckler
 e - +0 pearl dragon scales (worn)
 g - a +0 kite shield (worn)
 t - a +1 pair of gloves (worn)
 v - a +0 hat of stealth
Jewellery
 j - an amulet of the acrobat
Scrolls
 k - 4 scrolls of identify {unknown}
 n - a scroll of enchant armour {unknown}
 o - a scroll of silence {unknown}
 r - a scroll of teleportation {unknown}
 u - a scroll of amnesia {unknown}
Potions
 d - a potion of might
 h - a potion of curing {unknown}
 i - a potion of haste {unknown}
 l - a potion of invisibility {unknown}
 m - a potion of attraction {unknown}
 p - a potion of degeneration {unknown}
 q - a potion of flight {unknown}
 w - a potion of lignification {unknown}


   Skills:
 + Level 3.1 Fighting
 * Level 2.7 Maces & Flails
 + Level 4.2 Armour
 + Level 1.0 Stealth
 + Level 3.7 Shields


You had 3 spell levels left.
You didn't know any spells.
Your spell library contained the following spells:

 Spells                   Type           Power      Damage    Failure   Level
 Freezing Cloud           Conj/Ice/Air   0%         6-21      100%        5
 Simulacrum               Ice/Necr       0%         N/A       100%        6
 Polar Vortex             Ice            0%         N/A       100%        9


Dungeon Overview and Level Annotations

Branches:
Dungeon (3/15)

Altars:

Shops:
D:1 [

Annotations:
D:3 Sigmund


Innate Abilities, Weirdness & Mutations

You are completely covered in rugged brown scales. (AC +3, +7% HP)
Armour fits poorly on your strangely shaped body.
You have a long armoured tail.
You roll when moving toward enemies. (Rampage)
Your long tongue fully drains potion bottles. (2x potion effects)
Your tongue gives you trouble enunciating. (1.5x scroll delay)


Message History

You feel very mighty all of a sudden.
You sock the hobgoblin!
You kill the hobgoblin!
Sigmund points at you and mumbles some strange words.
You are confused.
An orc comes into view.
It is wielding a +2 whip of electrocution.
Sigmund hits you from afar with a +2 scythe of freezing!
Sigmund freezes you. 2 orcs come into view.
Found a plate armour.
The orc shouts!
An orc priest comes into view. It is wielding a +0 short sword.
The orc hits you but does no damage.
You see here a hobgoblin corpse.
The orc hits you with a +2 whip of electrocution.
Sigmund hits you but does no damage.
You're too confused to move!
Sigmund hits you with a +2 scythe of freezing.
Sigmund freezes you.
You bump into the rock wall.
The orc hits you with a +2 whip of electrocution.
The orc hits you but does no damage. x2
You bump into the rock wall.
Sigmund barely misses you.
The orc hits you with a +2 whip of electrocution.
You are electrocuted!
* * * LOW HITPOINT WARNING * * *
The orc barely misses you.
The orc hits you from afar with a +0 trident.
* * * LOW HITPOINT WARNING * * *
You thump Sigmund!
Sigmund is severely wounded.
The orc hits you with a +2 whip of electrocution.
* * * LOW HITPOINT WARNING * * *
The orc hits you but does no damage. x2
Sigmund points at you and mumbles some strange words.
You are more confused.
The orc hits you from afar with a +0 trident.
* * * LOW HITPOINT WARNING * * *
The orc hits you with a +2 whip of electrocution.
You die...

###.####### #.#
#......... .# #[#
#...#..[. ..
###.####...#..####.#
...........#........
#.##..........##.#
#.##.....#.##.##.#
#@##.....#.#.....#
#@o........#..#..#
#o##....##.#..#..#
#o##..>....#..#...
#o##....####..##.#
.....).......<##.#
#.####...........#
#.# ..####.##### #.#
..# #. ..


You could see Sigmund, an orc priest and 3 orcs.

Vanquished Creatures
  3 worms (D:2)
  2 dart slugs (D:1)
  7 endoplasms
  2 giant cockroaches (D:1)
  2 goblins (D:2)
  8 hobgoblins
  7 jackals
  A kobold (D:1)
  4 quokkas
  7 ball pythons
  3 bats
  2 frilled lizards (D:2)
  5 rats
53 creatures vanquished.

Notes
Turn   | Place    | Note
-------+----------+-------------------------------------------
     0 | D:1      | Haldmier the Armataur Fighter began the quest for the Orb.
     0 | D:1      | Reached XP level 1. HP: 19/19 MP: 1/1
     4 | D:1      | Found Cilezutz's Antique Armour Emporium.
    67 | D:1      | Found a faded altar of an unknown god.
   121 | D:1      | Reached XP level 2. HP: 21/26 MP: 2/2
   258 | D:1      | Reached skill level 4 in Armour
   258 | D:1      | Reached XP level 3. HP: 32/32 MP: 3/3
  1319 | D:2      | Reached XP level 4. HP: 31/40 MP: 4/4
  1552 | D:3      | Reached skill level 1 in Stealth
  1558 | D:3      | Noticed Sigmund
  1566 | D:3      | HP: 2/40 [orc/+0 trident (1)]
  1566 | D:3      | Slain by an orc

Illustrated notes

Levels and vault maps discovered:
D:1:      eino_arrival_water_cross, layout_rooms, serial_shops, shop,
          ebering_ecumenical_altar_webs, minmay_misc_feat_room, nicolae_titane
D:2:      layout_basic
D:3:      minmay_bubble_buster, layout_loops_ring, overflow_temple_1_default,
          chequers_serial_rivers_marsh, uniq_grinder, uniq_sigmund

Skill      XL: |  1  2  3  4 |
---------------+-------------+-----
Maces & Flails | 2 |  2.7
Armour         | 4 |  4.2
Fighting       | 3 |  3.1
Stealth        | 1 |  1.0
Shields        | |  3.7

Action                   |  1- 3 |  4- 6 || total
-------------------------+-------+-------++-------
Melee: Flail             |   107 |       ||   107
       Tailslap          |    11 |       ||    11
       Mace              |    17 |     5 ||    22
  Use: Potion            |       |     1 ||     1
Armor: Scale mail        |    45 |       ||    45
       Pearl dragon scal |    25 |     7 ||    32
Dodge: Dodged            |    33 |     3 ||    36
Block: Buckler           |    17 |       ||    17
       Kite shield       |    21 |     1 ||    22

Table legend: (Time is in decaauts)
 A = Elapsed time spent in this place.
 B = Non-inter-level travel time spent in this place.
 C = Inter-level travel time spent in this place.
 D = Time resting spent in this place.
 E = Time spent auto-exploring this place.
 F = Levels seen in this place.
 G = Mean time per level.
                   A        B        C        D        E       F      G
               +--------+--------+--------+--------+--------+-----+--------+
         Total |   1612 |   1563 |     49 |     58 |   1027 |   3 |  537.3 |
       Dungeon |   1612 |   1563 |     49 |     58 |   1027 |   3 |  537.3 |
               +--------+--------+--------+--------+--------+-----+--------+

Top non-repeatable levels by time:
     D:2: 997 daAuts
     D:1: 583 daAuts
     D:3: 31 daAuts
